AoeStats
← Bliitzz67

Nomad

509575635Analyzed
4v4 RM · 6d ago on Sep 27, 2026· 16m 36s· 8 players
Game mode
Random Map
Map size
231×231
Population
200
Speed
Normal
Resources
Standard
Victory
Conquest
Starting age
Dark Age
Ending age
Imperial Age
RankedLock teamsTeams togetherTeam positionsShared explorationLock speedFull tech treeHidden civsTurbo modeCheats
Victory
Defeat
🇨🇿 Spanish · Czechia
1096
+14
🇦🇺 Aztecs · Australia
1089
+14
🇫🇷 Tatars · France
1089
+14
🇫🇷 Persians · France
1041
+17
🇳🇿 Berbers · New Zealand
1075
-15
🇯🇵 Cumans · Japan
1070
-16
🇳🇿 Georgians · New Zealand
1040
-14
🇨🇳 Gurjaras · China
1038
-14
RomaSaga
3:58 Loom
16:47 Feudal Age
FullPetard
4:54 Loom
14:06 Feudal Age
Not_a_threat
6:54 Loom
13:12 Feudal Age
14:28 Double-Bit Axe
863111034
14:48 Feudal Age
DESTINNI
5:59 Loom
13:40 Feudal Age
14:12 Double-Bit Axe
Bliitzz67
3:45 Loom
14:19 Feudal Age
19:14 Castle Age
DANSLESBOULES
13:34 Feudal Age
14:36 Double-Bit Axe
Seen Bean
6:56 Loom
13:14 Feudal Age
14:03 Double-Bit Axe
14:01 Horse Collar
18:26 Castle Age
Connection lost

Rejoining the realm…

Still unreachable

The connection could not be restored.

Session expired

The server has moved on; the page needs a fresh start.